 Dungeon Crawl Stone Soup version 0.32-a0-607-g64ea0e4219 (webtiles) character file.

Game seed: 3197483543006441831

429 ezpacito the Chopper (level 6, -1/48 HPs)
             Began as a Coglin Chaos Knight on Mar 3, 2024.
             Was a Plaything of Xom.
             Slain by an orc
             ... wielding a +0 hand axe
              (7 damage)
             ... on level 4 of the Dungeon.
             The game lasted 00:03:10 (2545 turns).

ezpacito the Chopper (Coglin Chaos Knight)          Turns: 2545, Time: 00:03:10

Health: -1/48      AC:  6    Str: 14      XL:     6   Next: 98%
Magic:  7/7        EV: 12    Int: 11      God:    Xom [..*...]
Gold:   51         SH:  0    Dex: 12 (14) Spells: 7/7 levels left

rFire   + . .        a - +0 hand axe (chaos) {Wilhemina}
rCold   . . .        d - +0 dagger {Li}
rNeg    . . .        m - +2 robe {rF+}
rPois   .            (no helmet)
rElec   .            h - +0 cloak
rCorr   .            n - +0 pair of gloves
SInv    .            (no boots)
Will    .....        (amulet unavailable)
Stlth   ++           (ring unavailable)
HPRegen 0.28/turn    (ring unavailable)
MPRegen 0.10/turn    (no gizmo)

%: no passive effects
@: revved
A: off-hand wielding, slow wielding, warmup strikes, no jewellery
a: Invent Gizmo, Renounce Religion


You were on level 4 of the Dungeon.
You worshipped Xom.
You were a toy of Xom.
You visited 1 branch of the dungeon, and saw 4 of its levels.

You collected 51 gold pieces.

Inventory:

Hand Weapons
 a - a +0 hand axe of chaos (weapon) {Wilhemina}
 d - a +0 dagger (offhand) {Li}
Missiles
 k - 5 boomerangs
Armour
 h - a +0 cloak (worn)
 m - a +2 robe of fire resistance (worn)
 n - a +0 pair of gloves (worn)
Scrolls
 b - a scroll of fear {unknown}
 e - a scroll of enchant weapon {unknown}
 f - a scroll of identify {unknown}
 j - a scroll of teleportation {unknown}


   Skills:
 * Level 4.1 Fighting
 * Level 4.1(4.3) Axes
 + Level 1.5(2.8) Polearms
 * Level 2.9 Armour
 * Level 2.5 Dodging
 + Level 1.6 Stealth
 + Level 1.4 Unarmed Combat
 + Level 1.3 Spellcasting


You had 7 spell levels left.
You didn't know any spells.
Your spell library contained the following spells:

 Spells                   Type           Power      Damage    Failure   Level
 Necrotise                Necr           0%         1d4       32%         1
 Slow                     Hex            0%         N/A       32%         1
 Call Canine Familiar     Summ           0%         N/A       67%         3
 Confusing Touch          Hex            0%         N/A       67%         3
 Sigil of Binding         Hex            0%         N/A       67%         3
 Vampiric Draining        Necr           0%         2d6       67%         3
 Dimensional Bullseye     Hex/Tloc       0%         N/A       97%         4
 Martyr's Knell           Necr/Summ      0%         N/A       97%         4
 Curse of Agony           Necr           0%         N/A       100%        5


Dungeon Overview and Level Annotations

Branches:
Dungeon (4/15)
 Temple: D:4-7

Altars:


Innate Abilities, Weirdness & Mutations

You can wield a second weapon in your off-hand.
It takes a long time for you to wield or remove held weapons.
Your first few attacks do less damage.
You cannot equip rings or amulets.


Message History

You miss something with your +0 hand axe of chaos.
You barely miss the orc with your +0 hand axe of chaos.
Something hits you. The orc hits you with a +0 hand axe.
You take 6 damage, and have 31/48 hp.
You hit something with your +0 dagger.
Reactivating autopickup.
You feel a bit more experienced.
You hit the orc but do no damage.
The orc seems to grow stronger.
The orc hits you with a +0 hand axe. The orc hits you with a +0 hand axe!
You take 10 damage, and have 21/48 hp.
MASSIVE DAMAGE!!
Deactivating autopickup; reactivate with Ctrl-A.
You hit something with your +0 hand axe of chaos.
Lightning courses through something!
Reactivating autopickup.
You feel a bit more experienced.
You hit the orc but do no damage.
The orc is caught in a web!
The orc tears the web.
You aren't carrying any potions.
Okay, then.
The orc hits you with a +0 hand axe!
The kobold hits you with a +0 short sword.
* * * LOW HITPOINT WARNING * * *
The orc closely misses you.
Items here: )) [[ †.
You take 10 damage, and have 12/48 hp.
MASSIVE DAMAGE!!
You barely miss the kobold with your +0 dagger.
You hit the kobold but do no damage.
The kobold appears confused.
You hit the orc but do no damage. The orc hits you with a +0 hand axe.
* * * LOW HITPOINT WARNING * * *
You take 4 damage, and have 8/48 hp.
You closely miss the orc with your +0 dagger.
You completely miss the orc with your +0 hand axe of chaos.
The orc barely misses you. The orc hits you with a +0 hand axe.
* * * LOW HITPOINT WARNING * * *
You take 2 damage, and have 6/48 hp.
You barely miss the kobold with your +0 hand axe of chaos.
You barely miss the orc with your +0 hand axe of chaos.
You hit the kobold with your +0 dagger. The orc hits you but does no damage.
The kobold hits you but does no damage. The orc hits you with a +0 hand axe!
You die... "This toy is broken."

.######## #
.......o##########
#
......K@.........#
#
#.#############.##
#.........=...#
#.#############
#.# #.# #.# #.#
#.#


You could see an orc (fast, strong) and a kobold (confused).

Vanquished Creatures
  Grinder (D:4)
  An ice beast (D:3)
  A bombardier beetle (D:3)
  2 orc wizards (D:4)
  2 adders (D:2)
  A ribbon worm (D:2)
  A dart slug (D:2)
  6 ball pythons
  5 endoplasms
  2 giant cockroaches
  3 goblins
  5 hobgoblins (D:3)
  2 quokkas
  2 bats
  5 frilled lizards
  6 kobolds
  4 rats
49 creatures vanquished.

Vanquished Creatures (collateral kills)
  An endoplasm (D:1)
1 creature vanquished.

Grand Total: 50 creatures vanquished

Notes
Turn   | Place    | Note
-------+----------+-------------------------------------------
     0 | D:1      | ezpacito the Coglin Chaos Knight began the quest for the
                  | Orb.
     0 | D:1      | Reached XP level 1. HP: 18/18 MP: 1/1
   159 | D:1      | Reached skill level 1 in Dodging
   163 | D:1      | Reached XP level 2. HP: 24/24 MP: 2/2
   252 | D:1      | XOM: divination: detect creatures
   267 | D:1      | Found a faded altar of an unknown god.
   289 | D:1      | XOM: silly message
   623 | D:1      | XOM: silly message
   633 | D:1      | XOM: noise
   646 | D:1      | XOM: divination: magic mapping
   863 | D:2      | XOM: silly message
   935 | D:2      | Reached XP level 3. HP: 29/29 MP: 3/3
   989 | D:2      | XOM: silly message
  1125 | D:2      | XOM is BORED!
  1144 | D:2      | Noticed Jessica
  1147 | D:2      | Jessica changed into Jessica the dart slug
  1147 | D:2      | Noticed Jessica
  1149 | D:2      | Killed Jessica the dart slug
  1520 | D:3      | Noticed an ice beast
  1523 | D:3      | XOM: divination: detect items
  1527 | D:3      | XOM: divination: magic mapping
  1532 | D:3      | Killed an ice beast
  1533 | D:3      | Reached skill level 1 in Stealth
  1533 | D:3      | Reached skill level 1 in Unarmed Combat
  1533 | D:3      | Reached XP level 4. HP: 36/36 MP: 3/5
  1533 | D:3      | Reached XP level 5. HP: 41/41 MP: 3/6
  1577 | D:3      | Reached skill level 1 in Polearms
  1735 | D:3      | XOM: silly message
  2108 | D:4      | Noticed Grinder
  2110 | D:4      | Paralysed by Grinder for 5 turns
  2231 | D:4      | Killed Grinder
  2232 | D:4      | Reached skill level 1 in Spellcasting
  2232 | D:4      | Reached XP level 6. HP: 9/48 MP: 7/7
  2455 | D:4      | XOM: noise
  2494 | D:4      | XOM: stat loss: -1 Dex (13/14)
  2531 | D:4      | XOM: stat loss: -1 Dex (12/14)
  2545 | D:4      | Slain by an orc

Illustrated notes

Levels and vault maps discovered:
D:1:      spicycebolla_arrival_xxxplode, layout_basic,
          hellmonk_ecumenical_altar_arch_garden
D:2:      layout_basic, uniq_jessica
D:3:      layout_loops_ring, kennysheep_pointless_box, nicolae_the_louvre
D:4:      layout_basic, temple_fountains, kennysheep_generic_room_16,
          uniq_crazy_yiuf_cottage, uniq_grinder

Skill      XL: |  1  2  3  4  5 |
---------------+----------------+-----
Dodging        | 1 2 |  2.5
Armour         | 2 |  2.9
Stealth        | 1 |  1.6
Unarmed Combat | 1 |  1.4
Polearms       | 1 |  1.5
Fighting       | 4 |  4.1
Axes           | 4 |  4.1
Spellcasting   | 1 |  1.3

Action                     |  1- 3 |  4- 6 || total
---------------------------+-------+-------++-------
  Melee: Hand axe          |    72 |    50 ||   122
         Dagger            |    61 |    48 ||   109
    Use: Potion            |     1 |     3 ||     4
         Scroll            |       |     1 ||     1
   Stab: Sleeping          |       |     1 ||     1
 Armour: Leather armour    |    23 |       ||    23
         Robe              |    11 |    42 ||    53
  Dodge: Dodged            |    40 |    24 ||    64

Table legend: (Time is in decaauts)
 A = Elapsed time spent in this place.
 B = Non-inter-level travel time spent in this place.
 C = Inter-level travel time spent in this place.
 D = Time resting spent in this place.
 E = Time spent auto-exploring this place.
 F = Levels seen in this place.
 G = Mean time per level.
                   A        B        C        D        E       F      G
               +--------+--------+--------+--------+--------+-----+--------+
         Total |   2553 |   2417 |    136 |    214 |   1736 |   4 |  638.2 |
       Dungeon |   2553 |   2417 |    136 |    214 |   1736 |   4 |  638.2 |
               +--------+--------+--------+--------+--------+-----+--------+

Top non-repeatable levels by time:
     D:3: 765 daAuts
     D:1: 710 daAuts
     D:2: 704 daAuts
     D:4: 373 daAuts
